 Dungeon Crawl Stone Soup version 0.20.1-1-g8b1a95d (webtiles) character file.

33642 karf the Cruncher (level 14, -1/115 HPs)
             Began as a Formicid Fighter on Oct 29, 2017.
             Was a Priest of Ru.
             Slain by a phantasmal warrior (19 damage)
             ... led by a death knight
             ... on level 14 of the Dungeon.
             The game lasted 00:51:59 (14464 turns).

karf the Cruncher (Formicid Fighter)               Turns: 14464, Time: 00:52:00

Health: -1/115     AC: 26    Str: 27    XL:     14   Next: 9%
Magic:  14/14      EV:  8    Int:  9    God:    Ru [***...]
Gold:   1248       SH: 13    Dex:  8    Spells: 13/13 levels left

rFire    x . .     SeeInvis +   a - +1 quarterstaff
rCold    + . .     Gourm    .   c - +0 shield
rNeg     . . .     Faith    .   E - +0 plate armour of the Vestibule of Hell {rPois Regen+ Dex-5 SInv}
rPois    +         Spirit   .   (helmet unavailable)
rElec    .         Reflect  .   v - +2 cloak
rCorr    .         Harm     .   M - +2 pair of gloves {archery}
MR       .....                  k - +0 pair of boots
Stlth    ..........             (no amulet)
Regen    0.7/turn               o - ring of ice
MPRegen  0.2/turn               G - +3 ring of protection

@: mighty, exhausted, vulnerable, drained
A: permanent stasis, dig shafts and tunnels, four strong arms, antennae 3, no
stealth, hated by all, no hexes magic, no ice magic, no translocations magic
a: Dig, Shaft Self, Draw Out Power, Renounce Religion


You were on level 14 of the Dungeon.
You worshipped Ru.
Ru was most pleased with you.
You were hungry.

You visited 2 branches of the dungeon, and saw 15 of its levels.
You also visited: Bailey and Ice Cave.

You collected 1248 gold pieces.

Inventory:

Hand Weapons
 a - a +1 quarterstaff (weapon)
Missiles
 p - 3 throwing nets (quivered)
Armour
 c - a +0 shield (worn)
 k - a +0 pair of boots (worn)
 v - a +2 cloak (worn)
 E - the +0 plate armour of the Vestibule of Hell (worn) {rPois Regen+ Dex-5 SInv}
   (You found it in a bailey)

   It affects your dexterity (-5).
   It protects you from poison.
   It lets you see invisible.
   It increases your rate of regeneration.
 L - the +1 scale mail "Vypturon" {rC+ Int+3}
   (You found it on level 10 of the Dungeon)

   It affects your intelligence (+3).
   It protects you from cold.
 M - a +2 pair of gloves of archery (worn)
Jewellery
 o - a ring of ice (left hand)
 s - an uncursed ring of fire
 G - a +3 ring of protection (right hand)
 N - an uncursed ring of ice
 W - an uncursed ring of wizardry {unknown}
 X - a cursed ring of teleportation {unknown}
Wands
 l - a wand of polymorph (14/24)
 u - a wand of flame (35/48)
 w - a wand of iceblast (5/15)
 y - a wand of confusion (26/48)
 A - a wand of confusion (23/48)
 F - a wand of random effects (36/48)
 Q - a wand of confusion (5/48)
 R - a wand of iceblast (10/15)
 S - a wand of iceblast (11/15)
Scrolls
 b - 4 scrolls of recharging
 e - 4 scrolls of remove curse
 n - 4 scrolls of enchant armour
 B - 2 scrolls of enchant weapon
 C - 2 scrolls of magic mapping
 D - a scroll of fear
 H - 9 scrolls of identify
 U - a scroll of amnesia {unknown}
 V - a scroll of noise {unknown}
Potions
 g - 3 potions of lignification
 h - 2 potions of curing
 i - 2 potions of agility
 m - 2 potions of resistance
 q - 2 potions of flight
 O - a potion of mutation {unknown}
 P - a potion of magic {unknown}
 T - a potion of invisibility {unknown}
Books
 z - a book of Callings

   Spells                             Type                      Level
   a - Summon Small Mammal            Summoning                    1
   b - Call Imp                       Summoning                    2
   c - Call Canine Familiar           Summoning                    3
   d - Summon Guardian Golem          Hexes/Summoning              3
   e - Summon Lightning Spire         Summoning/Air                4
   f - Summon Ice Beast               Ice/Summoning                4
 I - a book of Clouds

   Spells                             Type                      Level
   a - Poisonous Vapours              Poison/Air                   2
   b - Mephitic Cloud                 Conjuration/Poison/Air       3
   c - Conjure Flame                  Conjuration/Fire             3
   d - Freezing Cloud                 Conjuration/Ice/Air          6
   e - Ring of Flames                 Charms/Fire                  7
 J - the Tome of the Hurtful Glacier
   (You found it on level 8 of the Dungeon)

   Spells                             Type                      Level
   a - Shock                          Conjuration/Air              1
   b - Ozocubu's Armour               Charms/Ice                   3
   c - Mephitic Cloud                 Conjuration/Poison/Air       3
   d - Static Discharge               Conjuration/Air              3
   e - Bolt of Fire                   Conjuration/Fire             6
 K - a book of Changes

   Spells                             Type                      Level
   a - Beastly Appendage              Transmutation                1
   b - Sticks to Snakes               Transmutation                2
   c - Spider Form                    Transmutation/Poison         3
   d - Ice Form                       Ice/Transmutation            4
   e - Blade Hands                    Transmutation                5
Comestibles
 f - 13 bread rations
 j - a chunk of flesh
 r - 8 meat rations
 t - 4 royal jellies
 x - 7 fruits


   Skills:
 * Level 12.0(11.5) Fighting
 - Level 14.0(13.5) Staves
 + Level 12.0(11.6) Armour
 + Level 12.6(12.2) Shields


You had 13 spell levels left.
You didn't know any spells.

Dungeon Overview and Level Annotations

Branches:
Dungeon (14/15)            Temple (1/1) D:4            Lair (0/6) D:9
    Orc (0/2) D:11
 Vaults: D:13-14

Altars:
Ashenzari
Cheibriados
Dithmenos
Elyvilon
Fedhas
Gozag
Hepliaklqana
Kikubaaqudgha
Makhleb
Nemelex Xobeh
Okawaru
Qazlal
Ru
Sif Muna
Trog
Uskayaw
Vehumet
Xom
Yredelemnul
Zin
The Shining One

Annotations:
D:12 exclusion: orange crystal statue


Innate Abilities, Weirdness & Mutations

You cannot be hasted, slowed, berserked, paralysed or teleported.
You can dig through walls and to a lower floor.
Your four strong arms can wield two-handed weapons with a shield.
You have a pair of large antennae on your head. (SInv)
You cannot be stealthy.
You are hated by all.
You cannot study or cast Hexes magic.
You cannot study or cast Ice magic.
You cannot study or cast Translocations magic.


Message History

* * * LOW HITPOINT WARNING * * *
The jelly hits you but does no damage.
You closely miss the phantasmal warrior.
The phantasmal warrior is heavily damaged.
The phantasmal warrior hits you but does no damage.
The jelly hits you but does no damage.
You hit the phantasmal warrior.
The phantasmal warrior is heavily damaged.
Your plate armour of the Vestibule of Hell prevents you from hitting the phantasmal warrior.
The phantasmal warrior is heavily damaged.
The phantasmal warrior hits you!
* * * LOW HITPOINT WARNING * * *
The jelly completely misses you.
You feel very mighty all of a sudden.
You block the phantasmal warrior's attack.
The jelly hits you but does no damage.
You sock the phantasmal warrior!
The phantasmal warrior is severely damaged.
The phantasmal warrior hits you!!
You die...

#.# #.# (.. ... #.#
#.# #J# ..# # #@#
#.# #W# #.# #.# #.#
#.# #.# + #.#
####.# .# { ##.##
##.##.# #.#
#...#######.#.#.###
.. #...+
#..........###.#...
# #...#
#...#######.#.#.###


You could see a phantasmal warrior and a jelly.

Vanquished Creatures
  3 hydras
  3 centaur warriors (D:13)
  10 two-headed ogres
  2 unseen horrors (D:11)
  An orc knight (Bailey)
  A necromancer (IceCv)
  2 manticores
  2 cyclopes
  An ice statue (IceCv)
  2 gargoyles
  10 freezing wraiths (IceCv)
  A kobold demonologist (D:11)
  2 trolls
  A merfolk (D:11)
  Prince Ribbit (D:7)
  2 hippogriffs
  2 shadows
  25 yaks
  2 vampire mosquitoes (D:14)
  2 hungry ghosts
  2 steam dragons
  2 insubstantial wisps (D:10)
  An acid dragon (D:13)
  A water moccasin (D:11)
  2 hornet zombies
  An eye of draining (D:13)
  4 phantoms
  9 ice beasts
  6 orc warriors
  7 sky beasts
  4 necrophages
  11 ogres
  16 centaurs
  3 big kobolds
  8 bullfrogs
  5 scorpions
  12 killer bees
  4 wights (D:10)
  4 howler monkeys
  7 crimson imps
  3 draconian simulacra (IceCv)
  2 centaur zombies
  4 hounds
  Crazy Yiuf (D:3)
  3 bullfrog zombies
  3 jellies
  2 centaur skeletons
  13 orc priests
  3 bullfrog skeletons
  An iguana (D:9)
  13 orc wizards
  4 polar bear simulacra (IceCv)
  11 worker ants
  2 spriggan simulacra (IceCv)
  2 troll simulacra (IceCv)
  3 centaur simulacra (IceCv)
  2 hound skeletons
  2 worker ant zombies
  4 gnolls (D:3)
  12 adders
  5 naga simulacra (IceCv)
  5 ogre simulacra (IceCv)
  A shadow imp (D:6)
  12 white imps (IceCv)
  An ooze (D:2)
  5 worms
  3 dart slugs
  4 leopard geckos
  91 orcs
  3 giant cockroaches
  4 goblins
  10 hobgoblins
  10 jackals
  24 kobolds
  3 quokkas
  A ball python (D:5)
  8 bats
  5 frilled lizards
  2 leopard gecko skeletons
  6 rats
477 creatures vanquished.

Vanquished Creatures (others)
  A two-headed ogre (D:9)
  A yak (D:9)
  An orc (D:9)
3 creatures vanquished.

Grand Total: 480 creatures vanquished

Notes
Turn   | Place    | Note
-------+----------+-------------------------------------------
     0 | D:1      | karf the Formicid Fighter began the quest for the Orb.
     0 | D:1      | Reached XP level 1. HP: 18/18 MP: 1/1
   284 | D:1      | Reached XP level 2. HP: 24/24 MP: 2/2
   492 | D:1      | Reached XP level 3. HP: 29/29 MP: 3/3
   870 | D:2      | Found a sparkling altar of Nemelex Xobeh.
   998 | D:2      | Reached XP level 4. HP: 37/37 MP: 4/4
  1188 | D:2      | Reached skill level 3 in Staves
  1632 | D:3      | Reached XP level 5. HP: 33/42 MP: 5/5
  1904 | D:3      | Found a shattered altar of Ashenzari.
  2036 | D:3      | Found a shattered altar of Ashenzari.
  2060 | D:3      | Noticed a phantom
  2113 | D:3      | Killed a phantom
  2113 | D:3      | Reached XP level 6. HP: 30/49 MP: 6/6
  2157 | D:3      | Reached skill level 4 in Staves
  2267 | D:3      | Noticed a sky beast
  2277 | D:3      | Killed a sky beast
  2519 | D:3      | Found a runed door.
  2523 | D:3      | Noticed Crazy Yiuf
  2529 | D:3      | Killed Crazy Yiuf
  2529 | D:3      | Reached skill level 5 in Fighting
  2529 | D:3      | Reached XP level 7. HP: 32/56 MP: 7/7
  2713 | D:4      | Found a staircase to the Ecumenical Temple.
  2725 | Temple   | Entered the Ecumenical Temple
  2831 | Temple   | Became a worshipper of Ru the Awakened
  3220 | D:4      | Reached skill level 5 in Shields
  3223 | D:4      | Reached skill level 5 in Staves
  3477 | D:4      | Reached skill level 5 in Armour
  3836 | D:5      | Entered Level 5 of the Dungeon
  3849 | D:5      | Reached XP level 8. HP: 63/63 MP: 8/8
  3932 | D:5      | Gained mutation: You are hated by all. [Ru sacrifice]
  3932 | D:5      | Reached * piety under Ru
  4103 | D:5      | Reached skill level 6 in Staves
  4484 | D:6      | Found a stormy altar of Qazlal.
  4656 | D:6      | Found a hazy altar of Hepliaklqana.
  4672 | D:6      | Reached XP level 9. HP: 69/69 MP: 9/9
  4713 | D:6      | Reached skill level 7 in Staves
  4766 | D:6      | Found an ancient bone altar of Kikubaaqudgha.
  5585 | D:7      | Reached skill level 8 in Staves
  5704 | D:7      | Reached XP level 10. HP: 60/79 MP: 10/10
  5835 | D:7      | Noticed Prince Ribbit
  5893 | D:7      | Reached skill level 9 in Staves
  6037 | D:7      | Killed Prince Ribbit
  6345 | D:8      | Noticed a two-headed ogre
  6365 | D:8      | Killed a two-headed ogre
  6609 | D:8      | Noticed a two-headed ogre
  6623 | D:8      | Killed a two-headed ogre
  6623 | D:8      | Reached skill level 10 in Staves
  6623 | D:8      | Reached XP level 11. HP: 40/87 MP: 11/11
  6752 | D:8      | Noticed a two-headed ogre
  6762 | D:8      | Killed a two-headed ogre
  6795 | D:8      | Identified the Tome of the Hurtful Glacier
  6830 | D:8      | Found a shimmering altar of Xom.
  6960 | D:8      | Found a glowing golden altar of the Shining One.
  6965 | D:8      | Found a shadowy altar of Dithmenos.
  6968 | D:8      | Found a bloodstained altar of Trog.
  7039 | D:9      | Noticed a two-headed ogre
  7049 | D:9      | Killed a two-headed ogre
  7243 | D:9      | Reached skill level 11 in Staves
  7404 | D:9      | Found a staircase to the Lair.
  7608 | D:9      | Noticed a two-headed ogre
  7622 | D:9      | Killed a two-headed ogre
  7992 | D:9      | Reached skill level 10 in Shields
  8480 | D:9      | Noticed a two-headed ogre
  8779 | D:9      | Killed a two-headed ogre
  8779 | D:9      | Reached XP level 12. HP: 62/97 MP: 12/12
  8964 | D:10     | Entered Level 10 of the Dungeon
  9122 | D:10     | Reached skill level 10 in Armour
  9190 | D:10     | Got a steaming scale mail
  9201 | D:10     | Identified the cursed +1 scale mail "Vypturon" {rC+ Int+3} (You found it on level 10 of the Dungeon)
  9466 | D:10     | Noticed a two-headed ogre
  9472 | D:10     | Killed a two-headed ogre
  9472 | D:10     | Reached skill level 10 in Fighting
  9579 | D:10     | Reached skill level 12 in Staves
  9765 | D:10     | Noticed a two-headed ogre
  9781 | D:10     | Killed a two-headed ogre
 10047 | D:11     | Noticed an unseen horror
 10060 | D:11     | Killed an unseen horror
 10197 | D:11     | Found a staircase to the Orcish Mines.
 10269 | D:11     | Found a flagged portal.
 10337 | D:11     | Gained mutation: You cannot study or cast Ice magic. [Ru sacrifice]
 10337 | D:11     | Gained mutation: You cannot study or cast Hexes magic. [Ru sacrifice]
 10337 | D:11     | Gained mutation: You cannot study or cast Translocations magic. [Ru sacrifice]
 10337 | D:11     | Reached ** piety under Ru
 10340 | Bailey   | Entered a bailey
 10943 | Bailey   | Got a smoking plate armour
 10958 | Bailey   | Identified the cursed +0 plate armour of the Vestibule of Hell {rPois Regen+ Dex-5 SInv} (You found it in a bailey)
 11111 | D:11     | Noticed an unseen horror
 11139 | D:11     | Killed an unseen horror
 11593 | D:12     | Reached XP level 13. HP: 101/104 MP: 13/13
 11740 | D:13     | Noticed a seven-headed hydra
 11767 | D:13     | Killed a seven-headed hydra
 11768 | D:13     | Found a frozen archway.
 11846 | IceCv    | Entered an ice cave
 11887 | IceCv    | Reached skill level 13 in Staves
 12946 | IceCv    | Found an ancient bone altar of Kikubaaqudgha.
 13126 | D:13     | Gained mutation: You cannot be stealthy. [Ru sacrifice]
 13126 | D:13     | Reached *** piety under Ru
 13205 | D:13     | Noticed a centaur warrior
 13218 | D:13     | Killed a centaur warrior
 13251 | D:13     | Noticed a centaur warrior
 13264 | D:13     | Killed a centaur warrior
 13515 | D:13     | Noticed a centaur warrior
 13525 | D:13     | Killed a centaur warrior
 14241 | D:14     | Found a radiant altar of Vehumet.
 14242 | D:14     | Noticed a five-headed hydra
 14255 | D:14     | Killed a five-headed hydra
 14255 | D:14     | Reached skill level 14 in Staves
 14327 | D:14     | Reached XP level 14. HP: 114/114 MP: 14/14
 14464 | D:14     | Slain by a phantasmal warrior

Skill      XL: |  1  2  3  4  5  6  7  8  9 10 11 12 13 14 |
---------------+-------------------------------------------+-----
Fighting       | 4 5 6 7 8 9 10 11 12 | 12.0
Staves         | 3 4 5 6 8 10 11 12 14 | 14.0
Shields        | 4 5 6 7 9 10 11 12 | 12.6
Armour         | 4 5 6 7 8 9 10 11 12 | 12.0

Action                   |  1- 3 |  4- 6 |  7- 9 | 10-12 | 13-15 || total
-------------------------+-------+-------+-------+-------+-------++-------
Melee: Quarterstaff      |    77 |   164 |   459 |  1128 |   639 ||  2467
Invok: Sacrifice Love    |       |       |     1 |       |       ||     1
       Reject Sacrifices |       |       |       |     1 |       ||     1
       Sacrifice Arcana  |       |       |       |     1 |       ||     1
       Sacrifice Stealth |       |       |       |       |     1 ||     1
       Draw Out Power    |       |       |       |       |     1 ||     1
 Abil: Dig               |       |       |       |       |     2 ||     2
  Use: Scroll            |       |       |    13 |     6 |     1 ||    20
       Potion            |       |       |       |     2 |     5 ||     7
 Stab: Distracted        |       |       |     2 |     1 |       ||     3
       Invisible         |       |       |       |     2 |       ||     2
  Eat: Chunk             |       |     5 |    11 |    22 |     5 ||    43
       Royal jelly       |       |       |       |     1 |       ||     1
       Fruit             |       |       |       |     1 |       ||     1
       Meat ration       |       |       |       |       |     1 ||     1
Armor: Scale mail        |    30 |       |       |   120 |       ||   150
       Plate armour      |     6 |    71 |   183 |   252 |   311 ||   823
Dodge: Dodged            |    26 |    20 |    71 |   221 |   139 ||   477
Block: Shield            |    39 |    56 |   239 |   558 |   337 ||  1229
